 Dungeon Crawl Stone Soup version 0.24-a0-582-g4d4af81 (webtiles) character file.

Game seed: 13518804351642579907

224 Firecrotchwizard the Skirmisher (level 6, 0/66 HPs)
             Began as an Ogre Berserker on Aug 26, 2019.
             Was a Priest of Trog.
             Succumbed to a worker ant's poison
             ... on level 4 of the Dungeon.
             The game lasted 00:07:45 (3358 turns).

Firecrotchwizard the Skirmisher (Ogre Berserker)    Turns: 3358, Time: 00:07:45

Health: 0/66       AC:  3    Str: 24    XL:     6   Next: 0%
Magic:  6/6        EV: 10    Int:  8    God:    Trog [***...]
Gold:   166        SH:  0    Dex:  8    Spells: 5/5 levels left

rFire    . . .     SeeInvis .   a - +0 mace
rCold    . . .     Gourm    .   (no shield)
rNeg     . . .     Faith    .   b - +0 animal skin
rPois    .         Spirit   .   (helmet restricted)
rElec    .         Reflect  .   (no cloak)
rCorr    .         Harm     .   (gloves unavailable)
MR       .....                  (boots unavailable)
Stlth    ..........             (no amulet)
HPRegen  0.21/turn              n - ring of attention (curse)
MPRegen  0.10/turn              (no ring)

@: lethally poisoned (0 -> -7), berserk cooldown, hasted and slowed
A: large, unfitting armour, tough skin 1
a: Berserk, Trog's Hand, Renounce Religion


You were on level 4 of the Dungeon.
You worshipped Trog.
Trog was most pleased with you.
You were not hungry.

You visited 1 branch of the dungeon, and saw 4 of its levels.

You collected 166 gold pieces.

Inventory:

Hand Weapons
 a - a +0 mace (weapon)
Missiles
 j - 2 atropa-tipped darts
Armour
 b - a +0 animal skin (worn)
Jewellery
 n - a cursed ring of attention (left hand)
   (You found it on level 3 of the Dungeon)
Scrolls
 e - a scroll of teleportation
 g - a scroll of fear
 m - a scroll of noise {!r}
Potions
 d - 2 potions of might
Comestibles
 c - 4 rations


   Skills:
 + Level 5.5 Fighting
 * Level 4.5 Maces & Flails
 + Level 3.7 Dodging


You had 5 spell levels left.
You didn't know any spells.
Your spell library was empty.

Dungeon Overview and Level Annotations

Branches:
Dungeon (4/15)
 Temple: D:4-7

Altars:
Fedhas
Kikubaaqudgha

Annotations:
D:2 1 runed translucent door, Crazy Yiuf


Innate Abilities, Weirdness & Mutations

You are too large for most types of armour.
You have tough skin. (AC +1)


Message History

You feel clever all of a sudden.
It was a potion of heal wounds.
You feel much better.
You feel sick.
You regained 22 hp, and now have 27/57 hp.
You start resting.
You feel sick. x6
You are no longer poisoned.
You take 2 damage, and have 25/57 hp.
You start resting.
An orc priest comes into view. It is wielding a +0 war axe.
You regained 6 hp, and now have 31/57 hp.
You close the door.
You start resting.
You feel a little less mighty now.
You start resting.
You feel a little less clever now.
You start resting.
You are feeling hungry.
You regained 9 hp, and now have 41/57 hp.
You start resting.
Health restored: 57 You eat one of the 5 rations.
That ration really hit the spot!
As you open the door, it creaks loudly!
There is an open door, spattered with blood here.
A worker ant comes into view.
You see here a mace.
The worker ant twitches its antennae in your direction.
You completely miss the worker ant. The worker ant bites you.
You are poisoned.
The worker ant poisons you!
You take 2 damage, and have 55/57 hp.
You sock the worker ant!
You feel sick.
The worker ant bites you but does no damage.
The worker ant bites you!
You are more poisoned.
The worker ant poisons you!
You take 8 damage, and have 47/57 hp.
You closely miss the worker ant.
You feel sick. The worker ant barely misses you.
You take 1 damage, and have 46/57 hp.
You barely miss the worker ant.
You feel sick. The worker ant closely misses you.
The worker ant barely misses you.
You take 1 damage, and have 45/57 hp.
You hit the worker ant but do no damage.
You feel sick. The worker ant barely misses you.
You take 2 damage, and have 43/57 hp.
You completely miss the worker ant.
You feel sick. The worker ant bites you! The worker ant bites you.
You take 11 damage, and have 32/57 hp.
You hit the worker ant. The worker ant bites you.
You take 4 damage, and have 28/57 hp.
You closely miss the worker ant.
You feel sick. The worker ant bites you.
You take 7 damage, and have 21/57 hp.
You barely miss the worker ant.
You feel sick. The worker ant bites you.
* * * LOW HITPOINT WARNING * * *
The worker ant bites you but does no damage.
You take 6 damage, and have 15/57 hp.
Unknown command.
You hit the worker ant but do no damage.
You feel sick. The worker ant bites you.
* * * LOW HITPOINT WARNING * * *
You take 6 damage, and have 9/57 hp.
A red film seems to cover your vision as you go berserk!
You feel yourself moving faster!
You feel mighty!
You feel a lot more hungry. The worker ant bites you!
* * * LOW HITPOINT WARNING * * *
You are lethally poisoned!
The worker ant poisons you!
You now have 7/85 hp.
You thump the worker ant!
You kill the worker ant!
Trog accepts your kill.
You have reached level 6!
Your experience leads to an increase in your attributes!
Your base attributes are Str 22, Int 8, Dex 8.
Increase (S)trength, (I)ntelligence, or (D)exterity?
You feel stronger. x2
* * * LOW HITPOINT WARNING * * *
You feel sick.
You take 1 damage, and have 6/99 hp.
MP restored: 6 You are too berserk!
You feel a strong urge to attack something.
* * * LOW HITPOINT WARNING * * *
You feel sick.
You take 1 damage, and have 5/99 hp.
* * * LOW HITPOINT WARNING * * *
You feel sick.
You take 1 damage, and have 4/99 hp.
You feel your anger nearly subside.
* * * LOW HITPOINT WARNING * * *
You feel sick.
You are no longer berserk.
You are exhausted.
You feel yourself slow down.
You now have 2/66 hp.
It was a potion of haste.
You feel yourself speed up.
* * * LOW HITPOINT WARNING * * *
You feel sick.
You take 1 damage, and have 1/66 hp.
You die...

########## #........#
############)...###.#
#.........#)....'...#########
................####.........
.#####.#.#..######.......##
.. ...#.........@.......#.#
....#.#.#....#######....#
#...)......# #....#
........#.#..# #..#.#
####....#.#..##########.#.##
..................<.......#
..#.#.#.###..##########.##..#
. #...... #... #^.. ....
....... #.... #..## ###


There were no monsters in sight!

Vanquished Creatures
  A hound (D:4)
  An orc wizard (D:3)
  A worker ant (D:4)
  4 adders
  2 worms (D:2)
  3 dart slugs
  14 orcs (D:3)
  8 bats
  2 giant cockroaches
  5 goblins
  10 hobgoblins
  3 jackals (D:3)
  16 kobolds
  2 quokkas
  2 ball pythons
  A frilled lizard (D:1)
  9 rats
84 creatures vanquished.

Notes
Turn   | Place    | Note
-------+----------+-------------------------------------------
     0 | D:1      | Firecrotchwizard the Ogre Berserker began the quest for the
                  | Orb.
     0 | D:1      | Reached XP level 1. HP: 24/24 MP: 1/1
   170 | D:1      | Reached XP level 2. HP: 28/32 MP: 2/2
   222 | D:1      | Reached skill level 3 in Maces & Flails
   247 | D:1      | Reached skill level 3 in Dodging
   315 | D:1      | Reached XP level 3. HP: 16/40 MP: 3/3
   557 | D:1      | Reached ** piety under Trog
  1023 | D:2      | Found a blossoming altar of Fedhas.
  1074 | D:2      | Found an ancient bone altar of Kikubaaqudgha.
  1356 | D:2      | Reached XP level 4. HP: 49/49 MP: 4/4
  1579 | D:2      | Found a runed translucent door.
  1580 | D:2      | Noticed Crazy Yiuf
  2318 | D:3      | Reached *** piety under Trog
  2318 | D:3      | Reached skill level 5 in Fighting
  2357 | D:3      | Reached skill level 4 in Maces & Flails
  2357 | D:3      | Reached XP level 5. HP: 34/57 MP: 5/5
  3114 | D:4      | HP: 14/57 [adder (2)]
  3119 | D:4      | HP: 8/57 [poisoned by an adder]
  3349 | D:4      | HP: 14/57 [poisoned by a worker ant]
  3351 | D:4      | Reached XP level 6. HP: 8/66 MP: 6/6
  3351 | D:4      | HP: 6/99 [poisoned by a worker ant]
  3357 | D:4      | HP: 1/66 [poisoned by a worker ant]
  3358 | D:4      | Succumbed to a worker ant's poison

Levels and vault maps discovered:
D:1:      lightli_arrival_boilingwater, layout_basic
D:2:      layout_loops_ring, overflow_temple_1_default, lemuel_crystal_altar,
          uniq_crazy_yiuf_cottage
D:3:      layout_rooms, hex_intersection
D:4:      layout_basic, minmay_temple_entry_gardened_gates, first_ration

Skill      XL: |  1  2  3  4 |
---------------+-------------+-----
Maces & Flails | 3 4 |  4.5
Dodging        | 3 |  3.7
Fighting       | 5 |  5.5

Action                   |  1- 3 |  4- 6 || total
-------------------------+-------+-------++-------
Melee: Mace              |   125 |   165 ||   290
Invok: Berserk           |     2 |     3 ||     5
  Use: Scroll            |       |     4 ||     4
       Potion            |       |     4 ||     4
  Eat: Chunk             |     2 |     9 ||    11
       Ration            |       |     1 ||     1
Armor: Animal skin       |    48 |    51 ||    99
Dodge: Dodged            |    97 |   104 ||   201

Table legend:
 A = Non-vault XP
 B = Vault XP
 C = Vault XP percentage of total XP
 D = Non-vault monster count
 E = Vault monster count
 F = Vault count percentage of total count
                 A         B        C        D         E       F
            +---------+---------+-------+---------+---------+-------
      Total |     321 |       0 |   0.0 |      84 |       0 |   0.0
            +---------+---------+-------+---------+---------+-------
        D:1 |      50 |       0 |   0.0 |      31 |       0 |   0.0
        D:2 |      44 |       0 |   0.0 |      16 |       0 |   0.0
        D:3 |     136 |       0 |   0.0 |      33 |       0 |   0.0
        D:4 |      91 |       0 |   0.0 |       4 |       0 |   0.0
            +---------+---------+-------+---------+---------+-------

Levels and vault maps discovered:
D:1:      lightli_arrival_boilingwater, layout_basic
D:2:      layout_loops_ring, overflow_temple_1_default, lemuel_crystal_altar,
          uniq_crazy_yiuf_cottage
D:3:      layout_rooms, hex_intersection
D:4:      layout_basic, minmay_temple_entry_gardened_gates, first_ration

Table legend:
 A = Turns spent in this place as a percentage of turns spent in the entire game.
 B = Non-inter-level travel turns spent in this place as a percentage of non-inter-level travel turns spent in the entire game.
 C = Inter-level travel turns spent in this place as a percentage of turns spent in this place.
 D = Turns resting spent in this place as a percentage of non-inter-level travel turns spent in this place.
 E = Turns spent auto-exploring this place as a percentage of non-inter-level travel turns spent in this place.
 F = Non-inter-level travel turns spent in this place divided by the number of levels of this place that you've seen.
                   A       B       C       D       E      F
               +-------+-------+-------+-------+-------+----------------------
         Total | 100.0 | 100.0 |   1.7 |  34.7 |  45.5 | 825.2
       Dungeon | 100.0 | 100.0 |   1.7 |  34.7 |  45.5 | 825.2
               +-------+-------+-------+-------+-------+----------------------

Table legend:
 A = Kills in this place as a percentage of kills in entire the game.
 B = Kills by you in this place as a percentage of kills by you in the entire game.
 C = Kills by friends in this place as a percentage of kills by friends in the entire game.
 D = Other kills in this place as a percentage of other kills in the entire game.
 E = Experience gained in this place as a percentage of experience gained in the entire game.
 F = Experience gained in this place divided by the number of levels of this place that you have seen.
                   A       B       C       D       E      F
               +-------+-------+-------+-------+-------+----------------------
         Total | 100.0 | 100.0 |   N/A |   N/A | 100.0 |  80.2
       Dungeon | 100.0 | 100.0 |   N/A |   N/A | 100.0 |  80.2
               +-------+-------+-------+-------+-------+----------------------
